woodfighter, neutral female human Healer ----- |$B.. |@..| |...-# ------- |_.*|# ---.....--- --+--# ........`.| # ### |.........| ######### ###########.......<..| ###-.--- # # ---.....--- #....| --------- ### ### # ------- |.... |.......|#`############### |...|#### #|.{......## ### |....######|.......|# ----- ####......... --------- woodfighter the Rhizotomist Experience level: 1 Strength: 10 Dexterity: 9 Constitution: 13 Intelligence: 10 Wisdom: 18 Charisma: 16 Health: 0(13) Energy: 9(9) Def: 2 Gold: 2041 Moves: 1444 Dungeon seed: 8Xp6RpSjP8Qp8ocC Game ID: woodfighter_1505239021 Your Inventory: Coins $ - 2041 gold pieces Weapons a - a +0 scalpel (weapon in hand) x - a +0 dwarvish spear Armor e - an uncursed +1 pair of leather gloves (being worn) Comestibles l - 4 blessed eucalyptus leaves m - 4 blessed sprigs of wolfsbane o - 3 blessed cloves of garlic p - 5 uncursed apples B - 2 uncursed food rations D - an uncursed candy bar Scrolls y - an uncursed scroll of scare monster C - an uncursed scroll of genocide Spellbooks i - a blessed spellbook of healing j - a blessed spellbook of extra healing k - a blessed spellbook of stone to flesh s - an uncursed spellbook of remove curse Potions c - 4 uncursed potions of healing d - a blessed potion of healing f - 3 uncursed potions of extra healing g - a blessed potion of extra healing v - an uncursed potion of full healing Rings t - an uncursed ring of poison resistance Wands h - a wand of sleep (0:6) w - a wand of fire (0:6) A - a wand of nothing (0:4) Tools b - an uncursed stethoscope q - a bag of tricks (0:4) Spells and supernatural/magical abilities: Name Level Category Fail Memory h - healing 1 healing 0% 93% x - extra healing 3 healing 98% 93% S - stone to flesh 3 healing 100% 93% W - pray for help -- divine ? -- Your skills at the end: Miscellaneous Skills wands [Basic] Weapon Skills knife [Basic] Spellcasting Skills healing spells [Basic] Final Attributes: You were devoutly aligned. You were poison resistant. Your writing hand was ok. You were somewhat stealthy. You are dead. Vanquished creatures: a hobbit a gecko a giant rat a yellow mold a jackal 8 newts a sewer rat a grid bug a lichen 16 creatures vanquished. Voluntary challenges: You did not cause conflict. You were not invisible. You did not have reflection. You were not displaced. You used a wielded weapon 22 times, starting on turn 188. You did not use containers. You did not apply a unicorn horn. You did not use plumbed fixtures. You did not drink any magical draughts. You read items or engraved 1 time, starting on turn 834. You never genocided any monsters. You never polymorphed an object. You never changed form. You used no wishes. You never split a pudding. You never wrote Elbereth's name. You never violated your personal moral code. Dungeon overview: The Dungeons of Doom: levels 1 to 5 Level 1 a long staircase Level 2 a fountain stairs to The Gnomish Mines Level 3 an altar to Hermes, a sink Level 4 Level 5 <- You were here an altar to Athena, a fountain The Gnomish Mines: Level 3 stairs to The Dungeons of Doom History has recorded: On T:1 you entered the Dungeons of Doom to retrieve the Amulet of Yendor! On T:125 you reached level 2 of The Dungeons of Doom. On T:459 you reached level 1 of The Gnomish Mines. On T:489 you reached level 3 of The Dungeons of Doom. On T:1014 you reached level 4 of The Dungeons of Doom. On T:1141 you reached level 5 of The Dungeons of Doom. Score breakdown: Gold: 392 ( 39 points) Experience: 1 level ( 0 points) Exploration: 5 levels ( 120 points) Discoveries: 8 items ( 400 points) Variety of kills: 9 monsters ( 450 points) Major goal: (nothing yet) ( 0 points) Survival: died (score multiplied by 3) Total score: 3027 Latest messages: You hear a hollow sound. This must be a secret door! You displace kitty. Nowhere else around here can be automatically explored. (2x) Where do you want to travel to? A - a long wand. You displace kitty. You slash the lichen. The lichen is heavily damaged. You slash the lichen. The lichen is heavily damaged. You kill the lichen! Kitty eats a tripe ration. You stop. Kitty is in the way! You see here 2 food rations. B - 2 food rations. $ - 11 gold pieces. $ - 37 gold pieces. C - a scroll labeled KIRJE. You see here 11 rocks. You see here a candy bar. D - a candy bar. The giant bat bites! (2x) You slash the giant bat. The giant bat is moderately wounded. The giant bat bites! (2x) You die... Final status: Goodbye woodfighter the Healer, killed by a giant bat... You died in The Dungeons of Doom on dungeon level 5 with 3027 points, and 2041 pieces of gold, after 1444 moves. You were level 1 with a maximum of 13 hit points when you died.